 Dungeon Crawl Stone Soup version 0.32-a0-422-g28b100f618 (webtiles) character file.

Game seed: 2219289973301544135

105 Dittersdorf the Shield-Bearer (level 4, -2/29 HPs)
             Began as a Gargoyle Fighter on Feb 21, 2024.
             Incinerated by a bombardier beetle (3 damage)
             ... with a burning spray
             ... on level 3 of the Dungeon.
             The game lasted 00:01:31 (2123 turns).

Dittersdorf the Shield-Bearer (Gargoyle Fighter)    Turns: 2123, Time: 00:01:32

Health: -2/29      AC: 13    Str: 22    XL:     4   Next: 83%
Magic:  4/4        EV:  8    Int:  8    God:
Gold:   82         SH:  0    Dex:  9    Spells: 3/3 levels left

rFire   . . .        b - +0 whip (drain)
rCold   . . .        c - +0 buckler
rNeg    + . .        j - +0 chain mail
rPois   ∞            (no helmet)
rElec   +            (no cloak)
rCorr   .            (no gloves)
SInv    .            (no boots)
Will    .....        (no amulet) Stlth
                     (no ring)
HPRegen 0.24/turn    (no ring)
MPRegen 0.09/turn

%: no passive effects
@: confused, on fire, glowing
A: sickness immunity, AC +3, negative energy resistance 1, electricity
resistance, torment resistance 1, petrification resistance
a: no special abilities


You were on level 3 of the Dungeon.
You visited 1 branch of the dungeon, and saw 3 of its levels.

You collected 82 gold pieces.

Inventory:

Hand Weapons
 a - a +0 flail
 b - a +0 whip of draining (weapon)
Armour
 c - a +0 buckler (worn)
 j - a +0 chain mail (worn)
Jewellery
 k - a ring of see invisible
Scrolls
 f - a scroll of poison {unknown}
 g - a scroll of enchant weapon {unknown}
 h - a scroll of teleportation {unknown}
 i - a scroll of identify {unknown}
Potions
 d - a potion of might
 e - a potion of heal wounds {unknown}
 l - 3 potions of attraction {unknown}


   Skills:
 + Level 4.0 Fighting
 + Level 3.0 Maces & Flails
 + Level 4.1 Armour
 + Level 4.1 Shields


You had 3 spell levels left.
You didn't know any spells.
Your spell library contained the following spells:

 Spells                   Type           Power      Damage    Failure   Level
 Slow                     Hex            0%         N/A       98%         1
 Confusing Touch          Hex            0%         N/A       100%        3
 Sigil of Binding         Hex            0%         N/A       100%        3
 Vampiric Draining        Necr           0%         2d6       100%        3


Dungeon Overview and Level Annotations

Branches:
Dungeon (3/15)

Altars:

Shops:
D:2 [*[(


Innate Abilities, Weirdness & Mutations

You are immune to sickness and miasma.
Your stone body is resilient. (AC +3)
You are immune to poison.
You resist negative energy. (rN+)
You are resistant to electric shocks. (rElec)
You are resistant to unholy torment.
You are immune to petrification.


Message History

The jackal completely misses you.
You hit the bombardier beetle but do no damage.
The bombardier beetle is severely wounded.
The liquid fire burns you! The orc closely misses you.
The jackal bites you but does no damage.
The jackal barely misses you.
The bombardier beetle bites you but does no damage.
Something hits you. The orc hits you but does no damage.
You are too injured to fight recklessly!
You are too injured to fight recklessly!
You are too injured to fight recklessly!
You are too injured to fight recklessly!
You are too injured to fight recklessly!
You are too injured to fight recklessly!
You are too injured to fight recklessly!
You are too injured to fight recklessly!
You are too injured to fight recklessly!
You are too injured to fight recklessly!
You are too injured to fight recklessly!
You are too injured to fight recklessly!
You are too injured to fight recklessly!
You are too injured to fight recklessly!
You shake off some of the fire as you move.
The liquid fire burns you!
* * * LOW HITPOINT WARNING * * *
Something hits you.
* * * LOW HITPOINT WARNING * * *
The jackal bites you but does no damage.
The bombardier beetle bites you but does no damage.
There is a stone staircase leading up here.
The liquid fire burns you!
* * * LOW HITPOINT WARNING * * *
You hear some strange, mumbled words.
You are confused.
The orc hits you but does no damage.
In your confused state, you trip and fall back down the stairs.
* * * LOW HITPOINT WARNING * * *
The liquid fire burns you!
You die...

####+# # #
..#.###.# ##
.##.....#.###
... ............
....##.........#
#.......#..##
#...o@.......
.....#.{hBo....#
#.# #${h†......
#.....g.....#
###..........
#..........
#..#.#.#...
........... ...#
.#.##..


You could see a bombardier beetle (very drained), 2 orcs, 2 jackals and a
goblin.

Vanquished Creatures
  2 adders (D:2)
  2 dart slugs (D:1)
  A ribbon worm (D:2)
  3 bats
  5 endoplasms
  9 hobgoblins
  8 kobolds
  3 quokkas
  A ball python (D:1)
  3 frilled lizards
  6 goblins
  2 rats (D:1)
45 creatures vanquished.

Notes
Turn   | Place    | Note
-------+----------+-------------------------------------------
     0 | D:1      | Dittersdorf the Gargoyle Fighter began the quest for the
                  | Orb.
     0 | D:1      | Reached XP level 1. HP: 14/14 MP: 1/1
    65 | D:1      | Reached XP level 2. HP: 19/19 MP: 2/2
   342 | D:1      | Reached XP level 3. HP: 23/23 MP: 3/3
   662 | D:1      | Found a faded altar of an unknown god.
  1201 | D:2      | Found Uqais's Antique Weapon Shoppe.
  1286 | D:2      | Reached XP level 4. HP: 29/29 MP: 4/4
  1440 | D:2      | Found Puephoqoka's Armour Boutique.
  1490 | D:2      | Found Liuneosa's General Store.
  1719 | D:2      | Found Qaloakyobi's Armour Shoppe.
  2122 | D:3      | HP: 1/29 [burnt (4)]
  2123 | D:3      | Incinerated by a bombardier beetle

Illustrated notes

Levels and vault maps discovered:
D:1:      onia_arrival_mini_spirals, layout_basic,
          shapermc_ecumenical_altar_pompeii, kennysheep_minor_cross
D:2:      layout_loops_corners, serial_shops, nicolae_square_shop,
          nicolae_shop_rolling_square, shop, shop_fountains,
          kennysheep_small_spiral, reono_crystal_passage, moated_statue,
          minmay_misc_feat_alley
D:3:      layout_basic, uniq_ijyb

Skill      XL: |  1  2  3  4 |
---------------+-------------+-----
Shields        | 4 |  4.1
Armour         | 4 |  4.1
Fighting       | 4 |  4.0
Maces & Flails | 3 |  3.0

Action                     |  1- 3 |  4- 6 || total
---------------------------+-------+-------++-------
  Melee: Flail             |    76 |       ||    76
         Whip              |    18 |    68 ||    86
 Armour: Scale mail        |    62 |       ||    62
         Chain mail        |    11 |    58 ||    69
  Dodge: Dodged            |    44 |    35 ||    79
  Block: Buckler           |    22 |     8 ||    30

Table legend: (Time is in decaauts)
 A = Elapsed time spent in this place.
 B = Non-inter-level travel time spent in this place.
 C = Inter-level travel time spent in this place.
 D = Time resting spent in this place.
 E = Time spent auto-exploring this place.
 F = Levels seen in this place.
 G = Mean time per level.
                   A        B        C        D        E       F      G
               +--------+--------+--------+--------+--------+-----+--------+
         Total |   2146 |   2065 |     81 |      0 |   1717 |   3 |  715.3 |
       Dungeon |   2146 |   2065 |     81 |      0 |   1717 |   3 |  715.3 |
               +--------+--------+--------+--------+--------+-----+--------+

Top non-repeatable levels by time:
     D:1: 1172 daAuts
     D:2: 957 daAuts
     D:3: 16 daAuts
